[Event "*** Titled Tuesday Blitz"]
[Site "Chess.com"]
[Date "2019.12.03"]
[Round "5"]
[White "MITerryble"]
[Black "ElGasanov"]
[Result "1-0"]
[WhiteElo "2870"]
[BlackElo "2683"]
[TimeControl "180+2"]
[EndTime "14:05:49 PST"]
[Termination "MITerryble won by resignation"]

1. e4 c5 2. Nf3 Nc6 3. Bb5 Nf6 4.
Nc3 Qc7 5. O-O Nd4 6. Re1 a6 7. Bf1 Ng4 8. g3 Nxf3+ 9. Qxf3 Ne5 10. Qe2 e6 11. f4 Nc6 12. d3 d6 13. Be3 Be7 14. Qf2 O-O 15. g4 b5 16. Bg2 b4 17.
Ne2 Rb8 18. h4 a5 19. Rad1 a4 20. g5 f6 21. Qg3 b3 22. axb3 axb3 23. c3 Ra8 24.
Nc1 Ra1 25. Ne2 Ra2 26. Rd2 Bd7 27. Nc1 Ra1 28. Nxb3 Rxe1+ 29. Qxe1 Rb8 30. Nc1 Na5 31. Re2 Bc6 32. Bh3 e5 33. Be6+ Kh8 34. f5 c4 35.
Bf2 cxd3 36. Nxd3 Bb5 37. Rd2 Nc4 38. Rc2 Ba4 39. Re2 fxg5 40. Nb4 Rf8 41. Nd5 Qd8 42. Nxe7 Qxe7 43. Bxc4 gxh4 44. Bxh4 Qc7 45. Bd5 Bb5 46. c4 Be8 47. Qg3 Qa7+ 48. Kh2 Qd4 49. Rg2 g6 50. Qg5 1-0

[Event "*** Titled Tuesday Blitz"]
[Site "Chess.com"]
[Date "2019.12.03"]
[Round "5"]
[White "nmpdk"]
[Black "FearNoEvil12"]
[Result "0-1"]
[WhiteElo "2317"]
[BlackElo "2001"]
[TimeControl "180+2"]
[EndTime "14:05:49 PST"]
[Termination "FearNoEvil12 won on time"]

1. d4 b5 2. e4 a6 3. Be3 Bb7 4.
Nd2 Nf6 5. Bd3 e6 6. Ngf3 d6 7.
a4 b4 8. Qe2 Nbd7 9. a5 h6 10.
c3 bxc3 11. bxc3 g5 12. Rb1 Rb8 13. O-O g4 14. Ne1 h5 15. Bg5 Be7 16. Bxa6 Bxa6 17. Qxa6 Rxb1 18. Nxb1 Nxe4 19. Bxe7 Kxe7 20. f3 gxf3 21.
Nxf3 Qa8 22. Qd3 Rg8 23. Re1 Ndf6 24. c4 Ng5 25. Nxg5 Rxg5 26. Qd2 Qxa5 27. Qxa5 Rxa5 28. Nc3 Ra3 29. Nb5 Ra4 30. Rc1 Kd7 31. c5 Nd5 32. cxd6 cxd6 33. Rb1 Ra2 34. h3 Ne3 35. g3 Rg2+ 36. Kh1 Rxg3 37. Rc1 Rxh3+ 38. Kg1 Ke7 39. Rc7+ Kf6 40. Nxd6 Nd5 41. Rxf7+ Kg6 42. Rf8 Rd3 43. Re8 Kf6 44. Ne4+ Kf5 45. Nd6+ Kg4 46. Rxe6 Nf4 47. Re4 Kf3 48. Kh2 Rd2+ 49. Kg1 Ne2+ 50. Kh2 Nxd4+ 51. Kh3 Nf5 0-1

[Event "*** Titled Tuesday Blitz"]
[Site "Chess.com"]
[Date "2019.12.03"]
[Round "5"]
[White "Sanan_Sjugirov"]
[Black "Elshan1985"]
[Result "1-0"]
[WhiteElo "2913"]
[BlackElo "2733"]
[TimeControl "180+2"]
[EndTime "14:05:54 PST"]
[Termination "Sanan_Sjugirov won on time"]

1. d4 e6 2. c4 Bb4+ 3. Bd2 a5 4. Nf3 Nf6 5. a3 Bxd2+ 6. Qxd2 O-O 7. Nc3 d6 8. e4 Nc6 9. Rd1 Qe7 10. e5 Nd7 11. Qf4 f6 12. exf6 Qxf6 13. Qxf6 gxf6 14. Nb5 Nb6 15. Nxc7 Rb8 16. Be2 e5 17. Nb5 Rd8 18. dxe5 dxe5 19. Rxd8+ Nxd8 20. Kd2 Ne6 21. b4 axb4 22.
axb4 Ra8 23. Nc3 Nf4 24. c5 Nxe2 25. Kxe2 Na4 26. Ne4 Kg7 27. Kd2 b6 28. c6 Bf5 29.
Ke3 Nb2 30. Nd6 Ra3+ 31. Ke2 Bd3+ 32. Kd2 Ba6 33. b5 Rd3+ 34. Kc2 Rxd6 35. bxa6 Na4 36. a7 Rxc6+ 37. Kb3 Nc5+ 38. Kb4 Rc8 39. Ra1 1-0

[Event "*** Titled Tuesday Blitz"]
[Site "Chess.com"]
[Date "2019.12.03"]
[Round "5"]
[White "GelmanAlexander"]
[Black "Caisachess"]
[Result "1-0"]
[WhiteElo "2505"]
[BlackElo "2254"]
[TimeControl "180+2"]
[EndTime "14:05:56 PST"]
[Termination "GelmanAlexander won by resignation"]

1. e4 e5 2. f4 d5 3. exd5 exf4 4. Nf3 Nf6 5. Be2 Bd6 6. c4 O-O 7. d4 c6 8. c5 Bc7 9. d6 Ba5+ 10. Nc3 Nd5 11. O-O Bxc3 12. bxc3 Nxc3 13. Qd3 Nxe2+ 14. Qxe2 Re8 15. Qd3 g5 16. h4 h6 17. hxg5 hxg5 18. Ne5 Qf6 19. g3 Bf5 20. Qb3 Nd7 21. gxf4 gxf4 22. Bxf4 Nxe5 23. Bxe5 Qg5+ 24. Kf2 Qd2+ 25. Kf3 Qd3+ 26. Qxd3 Bxd3 27. Rg1+ Bg6 28. Rh1 f6 29.
Rag1 Kf7 30. Rh6 Rg8 31. Bf4 Be4+ 32. Kxe4 Rxg1 33. Kf5 Rag8 34. Rxf6+ Ke8 35. Ke6 Re1+ 36. Be5 Rf8 37. d7+ 1-0

[Event "*** Titled Tuesday Blitz"]
[Site "Chess.com"]
[Date "2019.12.03"]
[Round "5"]
[White "Egorov_Pavel"]
[Black "Witik"]
[Result "0-1"]
[WhiteElo "2371"]
[BlackElo "2593"]
[TimeControl "180+2"]
[EndTime "14:05:58 PST"]
[Termination "Witik won by checkmate"]

1. d4 Nf6 2. c4 g6 3. Nc3 Bg7 4. e4 d6 5. Nf3 O-O 6. Be2 e5 7. O-O Nc6 8. d5 Ne7 9. b4 Nh5 10. Re1 Nf4 11. Bf1 a5 12. bxa5 Rxa5 13. Nd2 c5 14.
Nb3 Ra6 15. a4 Kh8 16. a5 f5 17. Ra2 g5 18. f3 Neg6 19. g3 g4 20. gxf4 exf4 21. Ne2 fxe4 22. Bb2 Bxb2 23. Rxb2 exf3 24. Nc3 Qh4 25. Ne4 Bf5 26. Bd3 Ne5 27. Rf1 g3 28. Rxf3 Bg4 29. hxg3 Bxf3 30. gxh4 Bxd1 31. Bb1 Nxc4 32.
Rf2 Bxb3 33. Ng5 Rxa5 34. Ne6 Rg8+ 35. Kh2 Ra1 36. Be4 Ne5 37. Bf5 Bxd5 38. Kh3 Rh1+ 39.
Rh2 Bg2# 0-1

[Event "*** Titled Tuesday Blitz"]
[Site "Chess.com"]
[Date "2019.12.03"]
[Round "5"]
[White "AliKa2810"]
[Black "LimeInTheCoconut"]
[Result "1-0"]
[WhiteElo "2537"]
[BlackElo "2347"]
[TimeControl "180+2"]
[EndTime "14:05:58 PST"]
[Termination "AliKa2810 won by resignation"]

1. d4 Nf6 2. c4 g6 3. Nc3 d5 4. Bg5 Bg7 5. Bxf6 Bxf6 6. cxd5 c6 7.
e4 cxd5 8. Bb5+ Kf8 9. exd5 a6 10.
Bd3 Nd7 11. Nge2 Nb6 12. Be4 Kg7 13. O-O Nc4 14. Qc2 Nd6 15. Rad1 Bd7 16. Ng3 Rc8 17.
Bf3 Qb6 18. Rfe1 Rhe8 19. Nge2 Bf5 20. Qc1 Nc4 21. g4 Nxb2 22. gxf5 Nxd1 23. Qxd1 Qa5 24.
Qd3 Qa3 25. Rb1 b5 26. Rb3 Qa5 27. Kg2 Rc4 28. fxg6 hxg6 29. a3 Qc7 30. Ne4 Bh4 31.
N2g3 Rc8 32. Nc5 Qf4 33. Rb4 Rc1 34. Qe4 Bg5 35. Qxf4 Bxf4 36. Nxa6 R8c2 37. Rxb5 Be3 38. Ne2 Bg5 39. Rc5 Bf6 40. Nxc1 1-0

[Event "*** Titled Tuesday Blitz"]
[Site "Chess.com"]
[Date "2019.12.03"]
[Round "5"]
[White "Azatic"]
[Black "Bad4life"]
[Result "1-0"]
[WhiteElo "2626"]
[BlackElo "2398"]
[TimeControl "180+2"]
[EndTime "14:06:04 PST"]
[Termination "Azatic won by resignation"]

1. e4 c5 2. Nf3 d6 3. d4 cxd4 4. Nxd4 Nf6 5. Nc3 a6 6. Be3 e5 7. Nb3 Be7 8. f3 O-O 9. Qd2 Be6 10. g4 d5 11. exd5 Nxd5 12. Nxd5 Qxd5 13. Qxd5 Bxd5 14. Kf2 Bh4+ 15. Kg2 f5 16. Rd1 Bc6 17. gxf5 Rxf5 18. Bc4+ Kh8 19. Bd5 h6 20. Na5 e4 21. fxe4 Re5 22. Bf4 Rxe4 23. Bxe4 Bxe4+ 24. Kh3 Bxh1 25. Kxh4 g5+ 26. Kh3 Nc6 27. Rxh1 Nxa5 28. Be5+ Kg8 29. Rd1 Re8 30. Bc3 Nc6 31. Rd7 Re7 32. Rd6 Re3+ 33. Kg4 Re4+ 34. Kf5 Rf4+ 35. Kg6 Rf2 36. Rd7 g4 37. Rxb7 Rxc2 38. Rc7 Kf8 39. Rxc6 Ke8 40. Rc4 Rg2 41. Kxh6 Rxh2+ 42. Kg5 g3 43. Rg4 g2 44. Be5 Rh7 45. Rxg2 Rb7 46. Kf5 Rb5 47. Ke6 1-0

[Event "*** Titled Tuesday Blitz"]
[Site "Chess.com"]
[Date "2019.12.03"]
[Round "5"]
[White "JonahWillow"]
[Black "Vyacheslav_N"]
[Result "1-0"]
[WhiteElo "2781"]
[BlackElo "2527"]
[TimeControl "180+2"]
[EndTime "14:06:06 PST"]
[Termination "JonahWillow won by resignation"]

1. e4 c5 2. Nf3 d6 3. d4 cxd4 4. Qxd4 Nc6 5. Bb5 Bd7 6. Bxc6 Bxc6 7. Nc3 e5 8. Qd3 h6 9. O-O Nf6 10. Nd2 d5 11. exd5 Nxd5 12. Nc4 Nf4 13. Qxd8+ Rxd8 14. Nxe5 Ne6 15. Be3 a6 16. Rad1 Rxd1 17. Rxd1 Bb4 18.
Nd5 Bxd5 19. Rxd5 O-O 20. c3 Be7 21. Rd7 Rd8 22. Rxd8+ Bxd8 23. Kf1 Kf8 24. Ke2 Ke8 25. Kd3 f6 26. Nf3 Kd7 27. Ke4 Kd6 28. Nh4 Bc7 29.
Nf5+ Kd7 30. h4 h5 31. Nd4 Nf8 32. Kd5 g6 33. Bh6 Nh7 34. Ne6 Bb6 35. Nc5+ Bxc5 36. Kxc5 g5 37. g3 Ke6 38. Kb6 Kf7 39. Kxb7 Kg6 40.
c4 Kxh6 41. c5 Nf8 42. c6 Ne6 43. c7 Nxc7 44. Kxc7 gxh4 45. gxh4 Kg6 46. b4 Kf5 47. a4 Kg4 48. b5 axb5 49. axb5 Kxh4 50. b6 Kg4 51. b7 h4 52. b8=Q 1-0

[Event "*** Titled Tuesday Blitz"]
[Site "Chess.com"]
[Date "2019.12.03"]
[Round "5"]
[White "kleopl"]
[Black "Perecke"]
[Result "0-1"]
[WhiteElo "2482"]
[BlackElo "2168"]
[TimeControl "180+2"]
[EndTime "14:06:06 PST"]
[Termination "Perecke won by resignation"]

1. c4 e5 2. Nc3 Nf6 3. Nf3 Nc6 4. e4 Bc5 5. Nxe5 Nxe5 6. d4 Bb4 7. dxe5 Nxe4 8. Qf3 Nxc3 9. bxc3 Bc5 10. Qg3 g6 11.
Bh6 b6 12. Be2 Bb7 13. O-O Be7 14. a4 Bf8 15. Bf4 Be7 16. Rfd1 O-O 17. Bg4 Bc6 18. e6 d6 19. exf7+ Kxf7 20. Bh6 Re8 21. a5 Bf6 22. Qh3 Bg7 23. Rd3 Bxh6 24. Qxh6 Kg8 25. Rh3 Qe7 26.
Be6+ Qxe6 27. Qxh7+ Kf8 28. Qh6+ Kf7 29. Qh7+ Kf8 30. Qh8+ Ke7 31. Qh4+ Kd7 32. f4 Qe2 33. Qg5 Re7 34. Qxg6 Rae8 35. Rf1 Qd2 36. Rg3 Re1 37. Qg4+ Kd8 38. Qg5+ Kc8 39. Qg4+ Kb8 40. Rf3 Bxf3 41. Qxf3 Rxf1+ 42. Qxf1 Re1 0-1

[Event "*** Titled Tuesday Blitz"]
[Site "Chess.com"]
[Date "2019.12.03"]
[Round "5"]
[White "Kimster98"]
[Black "boasovietica"]
[Result "1-0"]
[WhiteElo "2564"]
[BlackElo "2389"]
[TimeControl "180+2"]
[EndTime "14:06:11 PST"]
[Termination "Kimster98 won by resignation"]

1. Nf3 c5 2. c4 Nc6 3. Nc3 e5 4. e3 Nf6 5. d4 cxd4 6. exd4 e4 7. Ne5 Bb4 8. Be2 Qa5 9. Bd2 Nxd4 10. a3 Nxe2 11. axb4 Qxe5 12. Qxe2 O-O 13. Be3 b6 14. Qd2 Bb7 15. Rd1 Rac8 16. Qd4 Qe6 17. b3 Qg4 18. O-O Qh5 19. h3 Rfe8 20. Nb5 Re6 21. Nxa7 Rce8 22. Nb5 Bc6 23. Nc7 h6 24. b5 Bb7 25. Nxe8 Rxe8 26.
Qxb6 Bc8 27. Qc7 d5 28. b6 Kh7 29. b7 Bxb7 30. Qxb7 Re5 31. cxd5 Qg6 32. d6 Rh5 33. Qc8 Nd5 34. Rxd5 Rxd5 35. Bf4 Qf6 36. Bg3 h5 37. h4 Qd4 38. Qc7 e3 39. fxe3 Qxe3+ 40. Kh2 f6 41. d7 Rd3 42. d8=Q 1-0

[Event "*** Titled Tuesday Blitz"]
[Site "Chess.com"]
[Date "2019.12.03"]
[Round "5"]
[White "andrzej"]
[Black "RitvarsReimanis"]
[Result "1/2-1/2"]
[WhiteElo "2380"]
[BlackElo "2559"]
[TimeControl "180+2"]
[EndTime "14:06:11 PST"]
[Termination "Game drawn by repetition"]

1. d4 Nf6 2. c4 e6 3. Nf3 d5 4. g3 Be7 5. Bg2 O-O 6. O-O dxc4 7. Ne5 Nc6 8. Bxc6 bxc6 9. Nxc6 Qd7 10. Nxe7+ Qxe7 11. Qa4 c5 12. Qxc4 cxd4 13. Qxd4 e5 14. Qh4 h6 15.
Nc3 Rb8 16. e4 Rd8 17. f3 Ba6 18. Re1 Rd3 19. Kg2 Qc5 20. g4 Rxb2+ 21. Bxb2 Rd2+ 22. Kh1 Rxb2 23. Rac1 Qd4 24. g5 Qd2 25. Qg3 hxg5 26. Red1 Qf2 27. Qh3 Qh4 28. Rd8+ Kh7 29. Qxh4+ gxh4 30. Ra8 Bc4 31. Rxa7 Be6 32. a4 Nh5 33. a5 Nf4 34. a6 Nd3 35. Ra1 Bh3 36. Rb7 Rc2 37.
a7 Bg2+ 38. Kg1 Nf4 39. h3 Nxh3+ 40. Kh2 Bf1+ 41. Kh1 Bg2+ 42. Kh2 Bf1+ 43. Kh1 Bg2+ 44. Kh2 1/2-1/2

[Event "*** Titled Tuesday Blitz"]
[Site "Chess.com"]
[Date "2019.12.03"]
[Round "5"]
[White "goldenspine"]
[Black "M1711"]
[Result "0-1"]
[WhiteElo "2323"]
[BlackElo "2522"]
[TimeControl "180+2"]
[EndTime "14:06:15 PST"]
[Termination "M1711 won by checkmate"]

1. e4 e5 2. Nf3 d5 3. exd5 e4 4. Ne5 Qxd5 5. d4 exd3 6. Nxd3 Nf6 7. Nc3 Qf5 8. Bf4 Na6 9. Qe2+ Be6 10. g3 O-O-O 11. Bg2 Bd6 12. O-O-O Bc4 13. Qf3 c6 14. h4 Bxf4+ 15. Nxf4 Kb8 16. b3 Be6 17. Bh3 Ng4 18.
Rhe1 h5 19. Qe2 Bc8 20. Rxd8 Rxd8 21. Qe7 Qa5 22. Kb2 Qc7 23. Qxc7+ Nxc7 24. Re7 Rf8 25. Nxh5 Nxf2 26. Bxc8 Kxc8 27. Nxg7 Ng4 28. Nf5 Kd8 29. Re1 Nf6 30. Ne4 Nfd5 31. Ned6 Kd7 32. Nxb7 Ne6 33. c4 Nf6 34. Rd1+ Kc7 35. Nbd6 Nh5 36. Re1 a5 37. Ne4 Rg8 38. Nf6 Nxf6 39. Kc3 Nh5 40. Rg1 Rg4 41. Nh6 Rxg3+ 42. Rxg3 Nxg3 43. Nxf7 Ng7 44. Kd4 N3f5+ 45. Kc5 Ne6# 0-1

[Event "*** Titled Tuesday Blitz"]
[Site "Chess.com"]
[Date "2019.12.03"]
[Round "5"]
[White "Filip_Covic"]
[Black "IgorBjelobrk"]
[Result "1-0"]
[WhiteElo "2469"]
[BlackElo "2670"]
[TimeControl "180+2"]
[EndTime "14:06:16 PST"]
[Termination "Filip_Covic won by resignation"]

1. e4 e5 2. Nf3 Nc6 3. Bb5 a6 4.
Ba4 Nf6 5. O-O Be7 6. Re1 b5 7.
Bb3 d6 8. h3 O-O 9. c3 Nb8 10. d4 Nbd7 11. a4 Bb7 12. Nbd2 c5 13. d5 c4 14. Bc2 Nc5 15. Nf1 Qc7 16. Ng3 Rfb8 17. Nf5 Bf8 18. Bg5 Ne8 19. Nh2 Bc8 20.
Ng4 Kh8 21. Qf3 bxa4 22. Qg3 Rxb2 23. Rec1 Nb3 24. Bxb3 axb3 25. Qh4 Bxf5 26. exf5 f6 27. Be3 Qb7 28. Rd1 Rc2 29. Bd2 Qxd5 30. Ne3 Qd3 31. Be1 Qe2 32. Nxc2 Qxc2 33. Qxc4 Qxf5 34. Qf7 Nc7 35.
Qxc7 Qe4 36. Rab1 Qa4 37. Qb6 Rc8 38. Qxb3 Qc6 39. Qb7 Qc4 40. Rb4 Qc6 41. Qxc6 Rxc6 42.
Rb8 Kg8 43. Rdb1 Kf7 44. R1b7+ Be7 45. Ra8 d5 46. Raa7 Re6 47. c4 d4 48. Bb4 1-0

[Event "*** Titled Tuesday Blitz"]
[Site "Chess.com"]
[Date "2019.12.03"]
[Round "5"]
[White "Manukyan_Artak"]
[Black "arminmusovic"]
[Result "0-1"]
[WhiteElo "2344"]
[BlackElo "2548"]
[TimeControl "180+2"]
[EndTime "14:06:18 PST"]
[Termination "arminmusovic won by resignation"]

1. e4 c6 2. d4 d5 3. e5 c5 4. dxc5 Nc6 5. Bb5 Nh6 6. Bxh6 gxh6 7.
f4 Rg8 8. Qe2 Bg4 9. Nf3 e6 10.
Nc3 Bxc5 11. O-O-O Qa5 12. h3 Bxf3 13. Qxf3 Bb4 14. g4 Bxc3 15. Bxc6+ bxc6 16. Qxc3 Qxc3 17. bxc3 Rb8 18. Rd4 Kd7 19. Ra4 Rb7 20. Kd2 h5 21. g5 Ra8 22. Rd1 a5 23. c4 Rb4 24. Rxb4 axb4 25. cxd5 exd5 26. Ra1 Ke6 27. h4 c5 28. c3 b3 29. a4 Kf5 30. Kc1 Kxf4 31. Kb2 c4 32. a5 Ra6 33. Rf1+ Kxe5 34. Rxf7 Rxa5 35.
Rxh7 Ra2+ 36. Kb1 Ke4 37. Rf7 Rg2 38. Rf6 d4 39. cxd4 Kxd4 40. Rf4+ Kc3 41. Rf3+ Kb4 42. Rf4 Ka3 43. Rxc4 Rh2 44. Rc1 Rxh4 45. Rg1 Re4 46. g6 Re8 47. g7 Rg8 48. Kc1 h4 49. Kd2 h3 50. Kc3 Rc8+ 51. Kd4 h2 52. Ra1+ Kb4 53.
Rh1 Rg8 54. Rxh2 Rxg7 55. Rh6 Rd7+ 56. Ke3 Kc3 57. Rc6+ Kb2 58. Ke2 Ka2 59. Ra6+ Kb1 60. Rd6 Rxd6 0-1

[Event "*** Titled Tuesday Blitz"]
[Site "Chess.com"]
[Date "2019.12.03"]
[Round "5"]
[White "AbasovN"]
[Black "FelixJoseYnojosa"]
[Result "1-0"]
[WhiteElo "2800"]
[BlackElo "2618"]
[TimeControl "180+2"]
[EndTime "14:06:19 PST"]
[Termination "AbasovN won by resignation"]

1. e4 c5 2. Nf3 Nc6 3. Bb5 e6 4. Bxc6 bxc6 5. b3 Ne7 6. O-O Ng6 7. Re1 d5 8. Nc3 Bd6 9. Ba3 O-O 10. Na4 dxe4 11.
Rxe4 Qe7 12. d3 e5 13. Qd2 f5 14. Ree1 Be6 15. Qc3 Bd5 16. Re3 f4 17. Re4 Bxe4 18.
dxe4 Nh4 19. Nxh4 Qxh4 20. f3 Rf6 21. Rd1 Rh6 22. h3 Rg6 23. Kf1 Qg3 24. Rd2 Qh2 25.
Bxc5 Bxc5 26. Qxc5 Qh1+ 27. Qg1 Qxg1+ 28. Kxg1 Re6 29.
Nc5 Re7 30. Rd6 Rc8 31. Kf2 Kf7 32. Ke2 Ke8 33. Nd3 c5 34. c4 Rd8 35. Rd5 Rxd5 36. cxd5 Kd7 37. Nxc5+ Kd6 38. Na4 Rc7 39. Kd2 Rc8 40. Nb2 Kc5 41. Kc3 g5 42. Nc4 Kb5 43.
Kd3 Kb4 44. Nxe5 Ra8 45. Nc4 Kc5 46. Kc3 a5 47. Nxa5 Kb5 48. b4 Rc8+ 49. Nc6 Ra8 50. Kb3 Kb6 51. a4 h5 52. a5+ Kb5 53. Nd4+ Ka6 54. Kc4 Rc8+ 55. Nc6 Kb7 56. Kc5 g4 57. hxg4 hxg4 58. b5 gxf3 59. gxf3 Rh8 60. a6+ Kc7 61.
b6+ Kd7 62. b7 1-0

[Event "*** Titled Tuesday Blitz"]
[Site "Chess.com"]
[Date "2019.12.03"]
[Round "5"]
[White "ChainsOfFantasia"]
[Black "piscatorox"]
[Result "0-1"]
[WhiteElo "2507"]
[BlackElo "2265"]
[TimeControl "180+2"]
[EndTime "14:06:19 PST"]
[Termination "piscatorox won by checkmate"]

1. d4 Nf6 2. Nf3 g6 3. c4 Bg7 4. Nc3 d6 5. e4 O-O 6. Be2 e5 7. O-O Nc6 8. d5 Ne7 9. Ne1 Nd7 10. Nd3 f5 11. f3 f4 12. Bd2 g5 13. Rc1 Ng6 14.
c5 Nxc5 15. Nxc5 dxc5 16. Na4 b6 17. b4 cxb4 18. Bxb4 Rf7 19. Bc4 b5 20. Bxb5 Rb8 21.
Qd3 a6 22. Bxa6 Bxa6 23. Qxa6 Rxb4 24. Nc5 Rb6 25. Qc4 Nf8 26. a4 Qa8 27. Rb1 Qa7 28.
Kh1 Bf6 29. h3 Be7 30. Nd3 Bd6 31. Ra1 Rd7 32. a5 Rb7 33. a6 Rb6 34. Rfb1 Rd8 35.
Rxb6 Qxb6 36. Ra4 Rb8 37. Kh2 Nd7 38. Qc2 Ra8 39. Qc4 Nc5 40. Ra2 Rxa6 41. Rb2 Qa7 42.
Qb5 Nxd3 43. Qe8+ Kg7 44. Rb8 Bc5 45. h4 Bg1+ 46. Kh3 Nf2# 0-1

[Event "*** Titled Tuesday Blitz"]
[Site "Chess.com"]
[Date "2019.12.03"]
[Round "5"]
[White "MPGM"]
[Black "MFBerna"]
[Result "1-0"]
[WhiteElo "2571"]
[BlackElo "2351"]
[TimeControl "180+2"]
[EndTime "14:06:19 PST"]
[Termination "MPGM won by resignation"]

1. d4 Nf6 2. c4 e6 3. Nf3 c5 4.
e3 cxd4 5. exd4 d5 6. Nc3 Nc6 7.
c5 Be7 8. Bd3 O-O 9. a3 b6 10.
b4 a5 11. b5 Nxd4 12. Nxd4 Bxc5 13. Nc6 Qd6 14. O-O e5 15. Be2 Bb7 16. Na4 Bxc6 17. bxc6 Bd4 18. Bb2 Bxb2 19. Nxb2 Qxc6 20. Nd3 Qd6 21.
a4 e4 22. Ne1 d4 23. Bb5 Rfd8 24. Nc2 Qe5 25. Re1 Rac8 26. Na3 e3 27. fxe3 dxe3 28.
Qf3 Rc3 29. Nc4 Qd4 30. Rad1 Rd3 31. Rxd3 Qxd3 32. Qxe3 Qc2 33. Qe2 Qc3 34. Ne5 Rd2 35. Qe3 Qb2 36. Bc6 h5 37. Nc4 Qc2 38. Nxd2 Qxc6 39.
h3 Qxa4 40. Nf3 Qb4 41. Rd1 g6 42. Qd4 Qxd4+ 43. Nxd4 Ne4 44. Rb1 a4 45. Rxb6 a3 46. Ra6 1-0

[Event "*** Titled Tuesday Blitz"]
[Site "Chess.com"]
[Date "2019.12.03"]
[Round "5"]
[White "Joshukid"]
[Black "Gabrielian_Artur"]
[Result "1-0"]
[WhiteElo "2639"]
[BlackElo "2786"]
[TimeControl "180+2"]
[EndTime "14:06:25 PST"]
[Termination "Joshukid won by resignation"]

1. Nf3 Nf6 2. c4 g6 3. g3 Bg7 4. Bg2 O-O 5. O-O c6 6. Nc3 d5 7.
d4 Qb6 8. cxd5 cxd5 9. Ne5 e6 10. e3 Nc6 11. Nd3 Bd7 12. b3 Rfc8 13. Bb2 Be8 14. Rc1 Bf8 15. Na4 Qd8 16. Ne5 Nxe5 17.
dxe5 Rxc1 18. Qxc1 Ne4 19. Bxe4 dxe4 20. Rd1 Qc8 21. Nc3 Bc6 22. Ba3 Bg7 23. Bd6 b6 24.
Ne2 Bb5 25. Nd4 Bd3 26. Qa3 Qb7 27. Rc1 Rc8 28. Qb2 b5 29. a3 a5 30. b4 axb4 31.
axb4 Rc4 32. Rxc4 bxc4 33. b5 h5 34. h4 Kh7 35. b6 c3 36. Qb3 Bh6 37. Bc7 Qa6 38. Qxc3 Qa2 39. Qe1 Ba6 40. Nc6 Bf8 41. Nd8 Qb2 42. Nxf7 Kg8 43. Ng5 Bd3 44. Nxe6 Bb4 45.
Qd1 Kf7 46. b7 Be1 47. Qxe1 Qxb7 48. Nd8+ 1-0

[Event "*** Titled Tuesday Blitz"]
[Site "Chess.com"]
[Date "2019.12.03"]
[Round "5"]
[White "tteshan"]
[Black "skoularikii"]
[Result "0-1"]
[WhiteElo "2352"]
[BlackElo "2552"]
[TimeControl "180+2"]
[EndTime "14:06:29 PST"]
[Termination "skoularikii won by checkmate"]

1. d4 Nf6 2. c4 e6 3. Nc3 Bb4 4. e3 O-O 5. Bd3 c5 6. a3 Bxc3+ 7. bxc3 d6 8. Ne2 e5 9. Bc2 Nc6 10. d5 Na5 11. O-O Nxc4 12. Ng3 Nb6 13. e4 h6 14.
Qe2 Qe7 15. a4 Re8 16. a5 Nbd7 17. a6 bxa6 18. Ba4 Rb8 19. Bc6 Rb6 20. Nf5 Qf8 21. Bd2 Rd8 22. Rfb1 Nb8 23. Ba4 Bxf5 24. exf5 Nxd5 25.
Qf3 Nf6 26. c4 d5 27. cxd5 Rxd5 28. Ba5 e4 29. Qf4 Qd8 30. Bxb6 axb6 31. Bb3 Rd4 32. Qe3 c4 33. Bc2 b5 34. h3 Qd5 35. Rd1 Nc6 36.
Rxd4 Qxd4 37. Rxa6 Qd5 38. Ra1 Nb4 39. Rd1 Nd3 40. Qb6 Qxf5 41. Qd8+ Kh7 42. Qd4 b4 43. Bxd3 cxd3 44. Qxb4 Qh5 45. Qd2 Nd5 46. Re1 f5 47. Qa5 Nf4 48. Qe5 Qg5 49. g3 Nxh3+ 50. Kg2 Qg4 51. Rh1 Nxf2 52. Kxf2 Qf3+ 53. Ke1 Qe2# 0-1

[Event "*** Titled Tuesday Blitz"]
[Site "Chess.com"]
[Date "2019.12.03"]
[Round "5"]
[White "Olga_Zhuravleva"]
[Black "Qvalda"]
[Result "1/2-1/2"]
[WhiteElo "2250"]
[BlackElo "2512"]
[TimeControl "180+2"]
[EndTime "14:06:29 PST"]
[Termination "Game drawn by repetition"]

1. e4 d5 2. exd5 Qxd5 3. Nc3 Qd8 4. d4 Nf6 5. Nf3 g6 6. Bf4 Bg7 7. Qd2 O-O 8. O-O-O Bg4 9. Be2 c5 10. d5 Qa5 11. Kb1 Nbd7 12. h3 Bxf3 13. Bxf3 b5 14. d6 b4 15. Nd5 Nxd5 16. Bxd5 e5 17. Bxa8 exf4 18. Bd5 Nb6 19. Qxf4 Na4 20. d7 Nxb2 21. Qxf7+ Kh8 22. Bb3 Nxd1 23. Rxd1 Rxf7 24. d8=Q+ Qxd8 25. Rxd8+ Rf8 26. Rxf8+ Bxf8 27. Kc1 Kg7 28. Kd2 Kf6 29. Kd3 Ke5 30. Kc4 Ke4 31. Kb5 Kd4 32. Bg8 h6 33. Bf7 g5 34. Be6 Kc3 35. Bb3 Be7 36. Kc6 c4 37.
Ba4 Kb2 38. Kd5 Kxa2 39. Kxc4 Ka3 40. Bb3 a5 41. Kb5 Bd8 42. g3 Kb2 43. f4 gxf4 44. gxf4 Kc3 45. Kc5 Kb2 46. f5 Ka3 47. Kb5 Kb2 48. Kc4 Ka3 49. Kb5 Kb2 50. Kc4 Ka3 51. Kb5 1/2-1/2

[Event "*** Titled Tuesday Blitz"]
[Site "Chess.com"]
[Date "2019.12.03"]
[Round "5"]
[White "DonBroca"]
[Black "nitpicker"]
[Result "0-1"]
[WhiteElo "2096"]
[BlackElo "2299"]
[TimeControl "180+2"]
[EndTime "14:06:32 PST"]
[Termination "nitpicker won on time"]

1. e4 d5 2. exd5 Qxd5 3. Nc3 Qd8 4. Nf3 Nf6 5. Be2 c6 6. O-O h6 7. d4 Bf5 8. Re1 e6 9. Ne5 Bd6 10. Bf4 Qc7 11. Bd3 Bxd3 12. Qxd3 Nbd7 13. Rad1 O-O 14. Nxd7 Qxd7 15. Bxd6 Qxd6 16. Ne4 Qe7 17. Qf3 Nxe4 18. Qxe4 Qb4 19. b3 Rad8 20. c4 a5 21. d5 cxd5 22. cxd5 Qxe4 23. Rxe4 Rxd5 24. Rxd5 exd5 25.
Re7 Rc8 26. Kf1 Rc1+ 27. Ke2 Rc2+ 28. Ke3 b5 29. Re8+ Kh7 30. Rd8 Rxa2 31. Rxd5 b4 32. Rb5 Kg6 33. h3 Kf6 34. g4 Ke6 35. f4 Rh2 36.
Ke4 Rxh3 37. Rxa5 Rxb3 38. Ra6+ Ke7 39. Rb6 g6 40. Ke5 Re3+ 41. Kd4 Rg3 42. Rxb4 Rxg4 43. Ke5 g5 44. Rb7+ Kf8 45. f5 Rc4 46. f6 Kg8 47.
Rb8+ Kh7 48. Rf8 Rc7 49. Kf5 Rc5+ 50. Ke4 Kg6 51. Rh8 h5 52. Kd4 Ra5 53. Ke4 h4 0-1

[Event "*** Titled Tuesday Blitz"]
[Site "Chess.com"]
[Date "2019.12.03"]
[Round "5"]
[White "riconaipe"]
[Black "MasterKroket"]
[Result "1/2-1/2"]
[WhiteElo "2586"]
[BlackElo "2432"]
[TimeControl "180+2"]
[EndTime "14:06:43 PST"]
[Termination "Game drawn by repetition"]

1. e4 c5 2. Nf3 e6 3. b3 Nf6 4. e5 Nd5 5. c4 Ne7 6. d4 cxd4 7. Nxd4 Nbc6 8. Nf3 Ng6 9. Bb2 Bb4+ 10. Nbd2 Qc7 11. Qe2 O-O 12. g3 d6 13. exd6 Bxd6 14. Bg2 e5 15. O-O Re8 16. Rac1 Bg4 17. c5 Bf8 18. h3 Bf5 19. Ne4 Rad8 20. Rfd1 h6 21. a3 Be6 22. b4 Bb3 23. Rxd8 Rxd8 24. b5 Nd4 25. Nxd4 exd4 26. Qd3 Ba4 27. c6 bxc6 28.
Rxc6 Qa5 29. Ra6 Qxb5 30. Qxb5 Bxb5 31. Rxa7 Ne5 32. a4 Be2 33. Nd2 Bb4 34. Nb3 Bc3 35. Bxc3 dxc3 36. Rc7 Rd1+ 37. Kh2 Nf3+ 38. Bxf3 Bxf3 39.
g4 Rh1+ 40. Kg3 Bd5 41. Rxc3 g5 42. f3 Rb1 43. Nd4 Ra1 44. Nf5 Be6 45. Nxh6+ Kg7 46. Nf5+ Bxf5 47. gxf5 Rxa4 48. Rc6 Rf4 49. h4 Rxh4 50.
f6+ Kg6 51. Rc8 Rf4 52. Rg8+ Kxf6 53. Rc8 Kg6 54. Rc6+ f6 55. Rc5 Ra4 56. Rc6 Ra5 57.
Rc7 Kf5 58. Rc6 Rd5 59. Rb6 Ke5 60. Ra6 f5 61. Ra8 Rd1 62. Re8+ Kf6 63. Rf8+ Kg6 64. Rg8+ Kf6 65. Rf8+ Kg6 66. Rg8+ Kf6 67. Rf8+ 1/2-1/2

[Event "*** Titled Tuesday Blitz"]
[Site "Chess.com"]
[Date "2019.12.03"]
[Round "5"]
[White "Kawhi_Leonard2"]
[Black "NeverEverForever1990"]
[Result "1/2-1/2"]
[WhiteElo "2283"]
[BlackElo "2405"]
[TimeControl "180+2"]
[EndTime "14:06:43 PST"]
[Termination "Game drawn by repetition"]

1. e4 g6 2. d4 Bg7 3. Nc3 d6 4. Be3 a6 5. Qd2 b5 6. Bd3 Nd7 7. Nf3 Bb7 8. a4 b4 9. Ne2 Ngf6 10. Ng3 a5 11. Bh6 Bxh6 12. Qxh6 c5 13. e5 Bxf3 14. exf6 Bxg2 15. Rg1 Bd5 16. Qg7 Rf8 17. fxe7 Qxe7+ 18. Kf1 O-O-O 19. Re1 Qf6 20. Qxf6 Nxf6 21. dxc5 dxc5 22. Bb5 Be6 23. Re5 Rd5 24. Rxd5 Bxd5 25. Ke2 Rd8 26. h4 Ng4 27. f3 Ne5 28. Ne4 Nxf3 29.
Kxf3 f5 30. Kf4 Bxe4 31. c3 bxc3 32. bxc3 Rd2 33. h5 Rg2 34. Rd1 gxh5 35. Ke5 h4 36. Rd7 Re2 37. Rg7 Bd3+ 38. Kd6 Bxb5 39. axb5 h3 40.
Rxh7 h2 41. b6 Kb8 42. Kxc5 f4 43. Kc6 Re6+ 44. Kc5 Re5+ 45. Kc6 Re6+ 46. Kc5 f3 47. Rxh2 Rf6 48. Rh8+ Kb7 49. Rh7+ Kc8 50. Rh8+ Kb7 51. Rh7+ Kb8 52. Rh8+ Kb7 1/2-1/2